 Dungeon Crawl Stone Soup version 0.30.1-4-g462c640d31 (webtiles) character file.

Game seed: 9675963175479695068

192 Arctor the Insei (level 5, -6/35 HPs)
             Began as an Octopode Transmuter on Sept 15, 2023.
             Mangled by Duvessa
             ... wielding a +0 rapier
              (9 damage)
             ... on level 4 of the Dungeon.
             The game lasted 00:04:00 (2921 turns).

Arctor the Insei (Octopode Transmuter)              Turns: 2921, Time: 00:04:01

Health: -6/35      AC:  1    Str:  9    XL:     5   Next: 71%
Magic:  7/9        EV: 13    Int: 18    God:
Gold:   125        SH:  0    Dex: 12    Spells: 5/9 levels left

rFire   . .          .
                       - Unarmed
rCold   . . .        (no shield)
rNeg    . . .        (helmet restricted)
rPois   .            (no amulet)
rElec   .            (no ring)
rCorr   .            (no ring)
SInv    .            (no ring)
Will    .....        (no ring)
Stlth   ++           (no ring)
HPRegen 0.25/turn    (no ring)
MPRegen 0.11/turn    (no ring)
                     (no ring)

%: no passive effects
@: no status effects
A: almost no armour, amphibious, 8 rings, camouflage 1, gelatinous body 1,
(nimble swimmer 1), tentacles
a: no special abilities


You were on level 4 of the Dungeon.
You visited 1 branch of the dungeon, and saw 4 of its levels.

You collected 125 gold pieces.

Inventory:

Missiles
 n - 4 atropa-tipped darts
Wands
 m - a wand of charming (8)
Scrolls
 b - a scroll of amnesia
 c - a scroll of enchant weapon
 f - 2 scrolls of teleportation
 g - a scroll of torment
 h - a scroll of summoning
 i - a scroll of blinking {unknown}
 k - a scroll of fear {unknown}
Potions
 a - 2 potions of lignification
 d - a potion of heal wounds
 e - a potion of attraction {unknown}
 l - a potion of mutation {unknown}


   Skills:
 + Level 2.4 Fighting
 + Level 3.0 Dodging
 + Level 3.8 Unarmed Combat
 + Level 2.9 Spellcasting
 + Level 3.1 Transmutations


You had 5 spell levels left.
You knew the following spells:

 Your Spells              Type           Power      Damage    Failure   Level
a - Beastly Appendage     Tmut           26%        N/A       4%          1
b - Spider Form           Tmut/Pois      8%         N/A       26%         3

Your spell library contained the following spells:

 Spells                   Type           Power      Damage    Failure   Level
 Wereblood                Tmut           13%        N/A       7%          2
 Kiss of Death            Conj/Necr      8%         2d6       17%         1
 Magic Dart               Conj           8%         1d3       17%         1
 Slow                     Hex            8%         N/A       17%         1
 Searing Ray              Conj           4%         2d4       26%         2
 Confusing Touch          Hex            2%         N/A       45%         3
 Ozocubu's Armour         Ice            2%         N/A       45%         3
 Vampiric Draining        Necr           2%         2d6       45%         3
 Ice Form                 Ice/Tmut       8%         N/A       65%         4
 Dispel Undead            Necr           2%         3d7       86%         4
 Fulminant Prism          Conj/Hex       1%         3d5       86%         4
 Ozocubu's Refrigeration  Ice            1%         4d7       100%        7


Dungeon Overview and Level Annotations

Branches:
Dungeon (4/15)
 Temple: D:4-7

Altars:
Kikubaaqudgha
Zin
The Shining One

Shops:
D:3 :

Annotations:
D:4 Duvessa


Innate Abilities, Weirdness & Mutations

You cannot wear most types of armour.
You are amphibious.
You can wear up to eight rings at the same time.
Your skin changes colour to match your surroundings (Stealth+).
Your rubbery body absorbs attacks. (AC +1, EV +1)
((You are camouflaged when in or above water. (Stealth+)))
You have tentacles for arms and can constrict up to eight enemies at once.


Message History

You hit Dowan.
Dowan looks as sick as possible!
Dowan is heavily wounded.
Dowan closely misses you.
You barely miss Dowan.
Dowan is heavily wounded.
Your transformation is almost over.
Dowan closely misses you.
Duvessa shouts!
You hit Dowan but do no damage.
Dowan looks as sick as possible!
Dowan is heavily wounded.
Dowan hits you with a +0 dagger.
You hit Dowan but do no damage.
Dowan looks as sick as possible!
Dowan is heavily wounded.
Dowan misses you.
You barely miss Dowan.
Dowan is severely wounded.
Duvessa zaps a wand.
The puff of flame misses you.
Dowan smirks and points a slender finger.
Dowan barely misses you.
You hit Dowan.
Dowan looks as sick as possible!
Dowan is almost dead.
You kill Dowan!
Duvessa weeps, and shakes her weapon.
Duvessa goes berserk!
Your Dodging skill increases to level 3!
You hit Duvessa but do no damage.
Duvessa is poisoned.
Duvessa completely misses you.
You hit Duvessa.
Duvessa looks as sick as possible!
Duvessa is lightly wounded.
Duvessa hits you with a +0 rapier! Duvessa misses you.
You hit Duvessa.
Duvessa is lightly wounded.
Duvessa hits you with a +0 rapier!
You barely miss Duvessa.
Duvessa is moderately wounded.
Your transformation has ended.
Duvessa hits you with a +0 rapier!
* * * LOW HITPOINT WARNING * * *
Duvessa hits you with a +0 rapier!
You die...

###
#.#################
#.)................
#.#################
#.# #.########
#.........
##........
#@####### #e#.....#
#######..#
#.......##
#.......# #.......#
#.......# .........
.......#.


You could see Duvessa (berserk, very poisoned).

Vanquished Creatures
  Dowan (D:4)
  Robin (D:2)
  3 adders
  3 dart slugs
  3 orcs
  11 bats
  4 endoplasms
  2 giant cockroaches (D:1)
  18 goblins
  9 hobgoblins
  2 jackals (D:2)
  2 quokkas
  12 ball pythons
  6 frilled lizards
  7 kobolds
  6 rats
90 creatures vanquished.

Notes
Turn   | Place    | Note
-------+----------+-------------------------------------------
     0 | D:1      | Arctor the Octopode Transmuter began the quest for the Orb.
     0 | D:1      | Reached XP level 1. HP: 13/13 MP: 3/3
   114 | D:1      | Reached XP level 2. HP: 16/18 MP: 3/5
   457 | D:1      | Reached XP level 3. HP: 23/23 MP: 4/6
  1079 | D:2      | Reached XP level 4. HP: 21/29 MP: 5/7
  1255 | D:2      | Learned a level 3 spell: Spider Form
  1306 | D:2      | Noticed Robin
  1317 | D:2      | Killed Robin
  1792 | D:3      | Reached XP level 5. HP: 34/34 MP: 8/8
  1957 | D:3      | Found a glowing golden altar of the Shining One.
  2059 | D:3      | Found a glowing silver altar of Zin.
  2185 | D:3      | Found Unyumnea's Book Boutique.
  2257 | D:3      | Found an ancient bone altar of Kikubaaqudgha.
  2898 | D:4      | Noticed Dowan
  2899 | D:4      | Noticed Duvessa
  2916 | D:4      | Killed Dowan
  2921 | D:4      | Mangled by Duvessa

Illustrated notes

Levels and vault maps discovered:
D:1:      dpeg_arrival_subterranean_lakeside_camping, layout_basic
D:2:      minmay_skewed_foursquare, layout_rooms, uniq_robin
D:3:      layout_loops_ring, mainiacjoe_overflow_paths,
          nicolae_overflow_hidden_temple, tso_altar, serial_shops,
          nicolae_shop_just_a_little_nook, kennysheep_generic_room_3
D:4:      layout_basic, doesnt_xom_only_xom, chei_slow_surprise, uniq_grinder,
          uniq_duvessa

Skill      XL: |  1  2  3  4  5 |
---------------+----------------+-----
Fighting       | 2 |  2.4
Transmutations | 3 |  3.1
Dodging        | 3 |  3.0
Unarmed Combat | |  3.8
Spellcasting   | |  2.9

Action                     |  1- 3 |  4- 6 || total
---------------------------+-------+-------++-------
  Melee: Unarmed           |    71 |   121 ||   192
         Constrict         |    16 |    29 ||    45
         Tentacles         |    10 |    19 ||    29
         Kick              |    22 |    21 ||    43
         Punch             |     1 |     4 ||     5
   Cast: Beastly Appendage |    22 |    19 ||    41
         Spider Form       |       |     1 ||     1
    Use: Scroll            |       |     5 ||     5
         Potion            |       |     1 ||     1
   Stab: Sleeping          |     6 |     3 ||     9
 Armour: Skin              |     7 |     9 ||    16
  Dodge: Dodged            |    40 |    85 ||   125
